 Dungeon Crawl Stone Soup version 0.30-a0-141-g30f27751c5 (webtiles) character file.

Game seed: 14641067061317269427

7206 qw the Cleaver (level 11, 0/68 HPs)
             Began as a Gargoyle Fighter on Sept 25, 2022.
             Was a Priest of Okawaru.
             Slain by Snorg (6 damage)
             ... on level 10 of the Dungeon.
             The game lasted 00:03:14 (9263 turns).

qw the Cleaver (Gargoyle Fighter)                   Turns: 9263, Time: 00:03:15

Health: 0/68       AC: 39    Str: 32    XL:     11   Next: 11%
Magic:  13/14      EV:  9    Int:  8    God:    Okawaru [***...]
Gold:   189        SH: 12    Dex:  9    Spells: 10/10 levels left

rFire   + . .      SeeInvis +    Y - +2 war axe (protect)
rCold   . . .      Faith    .    g - +0 kite shield
rNeg    + + .      Spirit   .    n - +0 plate armour
rPois   inf        Reflect  .    (no helmet)
rElec   +          Harm     .    (no cloak)
rCorr   .          Rampage  .    b - +0 pair of gloves of Wu Jian's Castigation {-Cast rPois rN+ Str+7}
Will    +....      NoCast   +    e - +2 pair of boots "Fezelicw" {rElec Will+ Regen+ Stlth+}
Stlth   ..........               (no amulet)
HPRegen 1.01/turn                h - ring of protection from fire
MPRegen 0.14/turn                k - ring of see invisible

@: heroic, under a protective aura
A: sickness immunity, AC +8, negative energy resistance 1, electricity
resistance, torment resistance 1, petrification resistance, iridescent scales 2
a: Renounce Religion, Heroism


You were on level 10 of the Dungeon.
You worshipped Okawaru.
Okawaru was most pleased with you.
You visited 2 branches of the dungeon, and saw 11 of its levels.

You collected 596 gold pieces.
You spent 407 gold pieces at shops.


Innate Abilities, Weirdness & Mutations

You are immune to sickness and miasma.
Your stone body is resilient. (AC +8)
You are immune to poison.
You resist negative energy. (rN+)
You are resistant to electric shocks. (rElec)
You are resistant to unholy torment.
You are immune to petrification.
You are mostly covered in iridescent scales. (AC +4)


   Skills:
 - Level 8.0(13.0) Fighting
 - Level 10.3(15.3) Axes
 - Level 3.1(8.1) Throwing
 - Level 7.1(12.1) Armour
 - Level 1.0(6.0) Dodging
 + Level 8.6(13.6) Shields
 - Level 4.2 Invocations


You had 10 spell levels left.
You didn't know any spells.
Your spell library was empty.

Inventory:

Hand Weapons
 i - a +5 morningstar of freezing
 Y - a +2 war axe of protection (weapon)
Missiles
 l - 2 javelins (quivered)
 v - 4 boomerangs
Armour
 b - the +0 pair of gloves of Wu Jian's Castigation (worn) {-Cast rPois rN+ Str+7}
   (You acquired it on level 6 of the Dungeon)

   Str:       It affects your strength (+7).
   rPois:     It protects you from poison.
   rN:        It protects you from negative energy.
   -Cast:     It prevents spellcasting.
 e - the +2 pair of boots "Fezelicw" (worn) {rElec Will+ Regen+ Stlth+}
   (You found it on level 7 of the Dungeon)

   rElec:     It insulates you from electricity.
   Regen:     It increases your rate of health regeneration.
   Will:      It increases your willpower.
   Stlth:     It makes you more stealthy.
 g - a +0 kite shield (worn)
 n - a +0 plate armour (worn)
Jewellery
 a - a ring of ice
 c - a ring of see invisible
 h - a ring of protection from fire (left hand)
 k - a ring of see invisible (right hand)
 m - a +6 ring of dexterity
 q - a ring of resist corrosion
 s - a ring of willpower
 x - a ring of fire
Scrolls
 t - a scroll of identify
Potions
 d - 6 potions of might
 f - 6 potions of curing
 j - 2 potions of attraction
 o - a potion of lignification
 p - a potion of heal wounds
 r - a potion of cancellation
 u - 2 potions of mutation

Dungeon Overview and Level Annotations

Branches:
Dungeon (10/15)            Temple (1/1) D:6            Lair (0/5) D:10
    Orc (0/2) D:9

Altars:
Ashenzari
Cheibriados
Dithmenos
Elyvilon
Fedhas
Gozag
Hepliaklqana
Kikubaaqudgha
Makhleb
Nemelex Xobeh
Okawaru
Qazlal
Ru
Sif Muna
Trog
Uskayaw
Vehumet
Wu Jian
Xom
Yredelemnul
Zin
The Shining One

Shops:
D:2 =   D:5 *   D:8 =![

Annotations:
D:8 2 transporters, qw's ghost, novice GrFi
D:10 Snorg


Message History

9251 ||| INVOKING Heroism.
You gain the combat prowess of a mighty hero.
Snorg is nearby!
Throw: 3 javelins
Press: ? - help, Q - select action, (/) - cycle Shift-Dir - straight line, f - Snorg You throw a javelin.
The javelin pierces through Snorg.
Snorg is lightly wounded.
You hear the faint creaking of a very distant portcullis.
You slash Snorg!
Your weapon exudes an aura of protection.
Snorg is lightly wounded.
Snorg beckons gently.
Snorg bites you but does no damage. Snorg misses you. Snorg claws you.
You slice Snorg!!
Snorg is moderately wounded.
Snorg closely misses you. Snorg claws you! You block Snorg's attack.
You hit Snorg.
Snorg is moderately wounded.
Snorg goes berserk!
You slash Snorg!
Snorg is moderately wounded.
Snorg bites you but does no damage. You block Snorg's attack. Snorg claws you.
You slash Snorg!
Snorg is moderately wounded.
You block Snorg's attack. Snorg claws you but does no damage.
Snorg barely misses you.
You closely miss Snorg.
Snorg is moderately wounded.
Snorg bites you. You block Snorg's attack. x2
You slash Snorg!
Snorg is heavily wounded.
Snorg bites you!
You block Snorg's attack. x2; Snorg bites you.
Snorg claws you! Snorg claws you but does no damage.
You slice Snorg!!
Snorg is heavily wounded.
Snorg bites you. Snorg claws you but does no damage. Snorg claws you.
You slash Snorg!
Snorg is severely wounded.
Snorg bites you! Snorg claws you.
You die...

... #..###.# #.(.
........ ### ...!
.....#... ...##...##..
..#.....#.. ##
.......... ##. .[.....#
#.. #T....# ##. #@#
#.###########.
##.###.............
#.###...##.############
#..........#
#####...#### ##.## ###


You could see Snorg (berserk).

Vanquished Creatures
  2 two-headed ogres (D:10)
  A manticore (D:9)
  A kobold demonologist (D:8)
  A meliai (D:9)
  3 trolls (D:9)
  Sigmund (D:2)
  3 wyverns
  4 yaks (D:9)
  An acid dragon (D:8)
  A water moccasin (D:6)
  2 ice beasts
  2 orc warriors
  A sky beast (D:7)
  A black bear (D:10)
  3 ogres
  3 kobold brigands
  2 bullfrogs (D:9)
  2 gnoll sergeants
  2 scorpions
  5 wights (D:9)
  10 killer bees
  4 howler monkeys
  4 hounds
  3 orc priests
  A gnoll bouda (D:7)
  6 jellies
  2 iguanas
  5 orc wizards
  6 gnolls
  8 adders
  7 shadow imps (D:6)
  11 white imps
  6 ufetubi (D:6)
  A dart slug (D:3)
  4 worms
  18 orcs
  3 ball pythons
  3 bats
  6 endoplasms
  5 giant cockroaches
  5 goblins
  5 hobgoblins
  5 jackals (D:4)
  5 quokkas
  A frilled lizard (D:1)
  21 kobolds
  3 rats
199 creatures vanquished.

Vanquished Creatures (others)
  An orc wizard (D:10)
  7 demonic plants (D:6)
8 creatures vanquished.

Grand Total: 207 creatures vanquished

Notes
Turn   | Place    | Note
-------+----------+-------------------------------------------
     0 | D:1      | qw the Gargoyle Fighter began the quest for the Orb.
     0 | D:1      | Reached XP level 1. HP: 14/14 MP: 1/1
     0 | D:1      | 0 ||| qw: Version: 0.2-a-10-g399e6c4
     0 | D:1      | 0 ||| qw: Game counter: 336
     0 | D:1      | 0 ||| qw: Always use a shield: true
     0 | D:1      | 0 ||| qw: God list: Okawaru
     0 | D:1      | 0 ||| qw: Allow faded altars: false
     0 | D:1      | 0 ||| qw: Do Orc after D:15 true
     0 | D:1      | 0 ||| qw: Do second Lair branch before Depths: true
     0 | D:1      | 0 ||| qw: Lair rune preference: random
     0 | D:1      | 0 ||| qw: Plans: Normal, Zot:1-4, God:TSO, Crypt, Tomb,
                  | Pan, Slime:5, Hells, Abyss, Orb
     0 | D:1      | 0 ||| PLANNING D:1-11
    15 | D:1      | 15 ||| Stepping ~*~*~tactically~*~*~ (stealth).
    26 | D:1      | Reached skill level 2 in Axes
   317 | D:1      | Reached XP level 2. HP: 19/19 MP: 2/2
   821 | D:1      | 821 ||| UPGRADING to ring of protection from fire.
   822 | D:1      | 822 ||| UPGRADING to ring of see invisible.
   823 | D:1      | 823 ||| READING scroll labelled VIHIMOADGHI.
   824 | D:1      | 824 ||| READING scroll labelled BOICUQ UTOA.
   876 | D:2      | Found Dogots's Jewellery Shoppe.
   889 | D:2      | Reached skill level 3 in Axes
   889 | D:2      | Reached XP level 3. HP: 23/23 MP: 3/3
   899 | D:2      | 899 ||| SHOPLISTING +4 ring of evasion (468 gold, have 35).
   899 | D:2      | 899 ||| SHOPLISTING +6 ring of strength (468 gold, have
                  | 35).
   899 | D:2      | 899 ||| SHOPLISTING amulet of reflection (390 gold, have
                  | 35).
   899 | D:2      | 899 ||| SHOPLISTING amulet of the acrobat (390 gold, have
                  | 35).
   899 | D:2      | 899 ||| SHOPLISTING ring "Goco" {Fly rF+ Will+ Dex+2
                  | Stlth-} (518 gold, have 35).
   899 | D:2      | 899 ||| SHOPLISTING ring of ice (325 gold, have 35).
   899 | D:2      | 899 ||| SHOPLISTING ring of protection from cold (325 gold,
                  | have 35).
   899 | D:2      | 899 ||| SHOPLISTING ring of resist corrosion (260 gold,
                  | have 35).
   941 | D:2      | Identified the +2 dagger "Oshrocw" {flame, Int+4}
  1022 | D:2      | Noticed Sigmund
  1032 | D:2      | Killed Sigmund
  1033 | D:2      | Reached skill level 5 in Axes
  1033 | D:2      | Reached XP level 4. HP: 23/28 MP: 4/4
  1033 | D:2      | Reached XP level 5. HP: 26/32 MP: 5/5
  1168 | D:2      | Found a faded altar of an unknown god.
  1331 | D:2      | 1331 ||| READING scroll labelled NUTAVI KOAZ.
  1332 | D:2      | 1332 ||| DRINKING 3 metallic pink potions.
  1349 | D:3      | 1349 ||| STAIRDANCE
  1357 | D:2      | Reached skill level 1 in Throwing
  1357 | D:2      | Reached XP level 6. HP: 32/37 MP: 6/6
  1432 | D:3      | Found a glowing golden altar of the Shining One.
  1437 | D:3      | 1437 ||| Stepping ~*~*~tactically~*~*~ (hiding).
  1456 | D:3      | 1456 ||| FLEEEEING.
  1716 | D:3      | Found a hazy altar of Hepliaklqana.
  1785 | D:3      | Noticed an ice beast
  1794 | D:3      | HP: 8/38 [ice beast (12)]
  1797 | D:3      | Killed an ice beast
  1902 | D:3      | 1902 ||| FLEEEEING.
  1903 | D:3      | 1903 ||| FLEEEEING.
  1904 | D:3      | 1904 ||| FLEEEEING.
  1905 | D:3      | 1905 ||| FLEEEEING.
  1907 | D:3      | 1907 ||| FLEEEEING.
  1908 | D:3      | 1908 ||| FLEEEEING.
  1909 | D:3      | 1909 ||| FLEEEEING.
  1911 | D:3      | 1911 ||| FLEEEEING.
  1912 | D:3      | 1912 ||| FLEEEEING.
  1913 | D:3      | 1913 ||| FLEEEEING.
  1914 | D:3      | 1914 ||| FLEEEEING.
  1915 | D:3      | 1915 ||| FLEEEEING.
  1916 | D:3      | 1916 ||| FLEEEEING.
  1917 | D:3      | 1917 ||| FLEEEEING.
  1918 | D:3      | 1918 ||| FLEEEEING.
  1919 | D:3      | 1919 ||| FLEEEEING.
  1922 | D:3      | 1922 ||| FLEEEEING.
  1923 | D:3      | 1923 ||| FLEEEEING.
  1924 | D:3      | 1924 ||| FLEEEEING.
  1925 | D:3      | 1925 ||| FLEEEEING.
  1926 | D:3      | 1926 ||| FLEEEEING.
  1927 | D:3      | 1927 ||| STAIRDANCE
  2030 | D:2      | 2030 ||| DRINKING 2 puce potions.
  2031 | D:2      | 2031 ||| DROPPING potion of invisibility.
  2034 | D:3      | 2034 ||| STAIRDANCE
  2061 | D:2      | 2061 ||| DROPPING +0 whip.
  2062 | D:2      | 2062 ||| READING scroll labelled XIPOEPR KAMI.
  2121 | D:3      | Identified the +8 falchion of Neurosis {flame, rF+++ Int-4}
  2748 | D:3      | 2748 ||| READING scroll labelled GIRCHE JAAMYGG.
  2749 | D:3      | 2749 ||| READING scroll labelled AXZURIBYKAI.
  2773 | D:4      | Reached skill level 1 in Dodging
  2818 | D:4      | Found a broken altar of Ashenzari.
  2855 | D:4      | Found a shimmering altar of Xom.
  2905 | D:4      | Reached XP level 7. HP: 44/44 MP: 7/7
  2980 | D:4      | Identified the +0 ring mail of the Present {-Tele rElec
                  | Dex+3}
  2984 | D:4      | 2984 ||| Stepping ~*~*~tactically~*~*~ (stealth).
  2987 | D:4      | 2987 ||| Stepping ~*~*~tactically~*~*~ (stealth).
  3295 | D:4      | 3295 ||| DROPPING +0 ring mail of the Present {-Tele rElec
                  | Dex+3}.
  3296 | D:4      | 3296 ||| READING scroll labelled YPRASCHINUE.
  3297 | D:4      | 3297 ||| READING scroll labelled IDGHOU GODOKK.
  3319 | D:5      | Entered Level 5 of the Dungeon
  3331 | D:5      | Reached skill level 6 in Axes
  3335 | D:5      | 3335 ||| DRINKING 4 potions of curing.
  3335 | D:5      | 3335 ||| (to cure confusion)
  3403 | D:5      | 3403 ||| Stepping ~*~*~tactically~*~*~ (stealth).
  3404 | D:5      | 3404 ||| Stepping ~*~*~tactically~*~*~ (stealth).
  3501 | D:5      | Found Famedoa's Assorted Antiques.
  3504 | D:5      | 3504 ||| BUYING scroll labelled QOINEE NOUDDI (25 gold).
  3504 | D:5      | Bought a scroll labelled QOINEE NOUDDI for 25 gold pieces
  3504 | D:5      | 3504 ||| BUYING scroll labelled UTOF ME XEE (25 gold).
  3504 | D:5      | Bought a scroll labelled UTOF ME XEE for 25 gold pieces
  3504 | D:5      | 3504 ||| BUYING scroll of identify (50 gold).
  3504 | D:5      | Bought a scroll of identify for 50 gold pieces
  3504 | D:5      | 3504 ||| BUYING sedimented yellow potion (22 gold).
  3504 | D:5      | Bought a sedimented yellow potion for 22 gold pieces
  3703 | D:5      | Reached skill level 7 in Axes
  3737 | D:5      | 3737 ||| READING scroll of enchant weapon.
  3737 | D:5      | 3737 ||| ENCHANTING +1 war axe of venom.
  3970 | D:5      | Reached XP level 8. HP: 45/49 MP: 8/8
  4012 | D:5      | Identified the +9 scimitar "Xesoroq" {vorpal, rElec rN+
                  | MP-9 Stlth+}
  4133 | D:5      | 4133 ||| UPGRADING to +0 chain mail.
  4143 | D:5      | 4143 ||| DROPPING +0 scale mail.
  4144 | D:5      | 4144 ||| READING scroll labelled QOINEE NOUDDI.
  4145 | D:5      | 4145 ||| READING scroll labelled UTOF ME XEE.
  4150 | D:5      | 4150 ||| DRINKING 2 sedimented yellow potions.
  4151 | D:5      | 4151 ||| DRINKING 3 coppery potions.
  4151 | D:5      | Gained mutation: You are partially covered in iridescent
                  | scales. (AC +2) [potion of mutation]
  4151 | D:5      | Gained mutation: You are mostly covered in iridescent
                  | scales. (AC +4) [potion of mutation]
  4152 | D:5      | 4152 ||| DROPPING potion of flight.
  4185 | D:6      | 4185 ||| STAIRDANCE
  4191 | D:6      | 4191 ||| STAIRDANCE
  4249 | D:6      | Found a sparkling altar of Nemelex Xobeh.
  4272 | D:6      | 4272 ||| Stepping ~*~*~tactically~*~*~ (stealth).
  4292 | D:6      | Reached skill level 8 in Axes
  4304 | D:6      | 4304 ||| Stepping ~*~*~tactically~*~*~ (stealth).
  4304 | D:6      | Found a staircase to the Ecumenical Temple.
  4305 | D:6      | 4305 ||| PLANNING TEMPLE
  4315 | D:6      | 4315 ||| FLEEEEING.
  4423 | D:6      | 4423 ||| FLEEEEING.
  4424 | D:6      | 4424 ||| FLEEEEING.
  4434 | D:6      | 4434 ||| STAIRDANCE
  4494 | Temple   | Entered the Ecumenical Temple
  4688 | Temple   | 4688 ||| PLANNING D:1-11
  4790 | D:6      | 4790 ||| FLEEEEING.
  4806 | D:6      | 4806 ||| Stepping ~*~*~tactically~*~*~ (stealth).
  4814 | D:6      | Reached skill level 6 in Fighting
  4998 | D:6      | Identified the +6 dagger of Xupy {drain, Will+ Stlth+}
  5028 | D:6      | 5028 ||| Stepping ~*~*~tactically~*~*~ (hiding).
  5517 | D:6      | 5517 ||| READING scroll labelled GUOXIHO QY FAD.
  5618 | D:6      | 5618 ||| READING scroll labelled FAYJAIGULU.
  5618 | D:6      | Identified a scroll of acquirement
  5618 | D:6      | 5618 ||| ACQUIRING +0 pair of gloves of Wu Jian's
                  | Castigation {-Cast rPois rN+ Str+7}
  5618 | D:6      | Acquired the +0 pair of gloves of Wu Jian's Castigation
                  | {-Cast rPois rN+ Str+7}
  5620 | D:6      | 5620 ||| UPGRADING to +0 pair of gloves of Wu Jian's
                  | Castigation {-Cast rPois rN+ Str+7}.
  5625 | D:6      | 5625 ||| DRINKING 2 sapphire potions.
  5726 | D:6      | 5726 ||| READING 3 scrolls of identify.
  5726 | D:6      | 5726 ||| IDENTIFYING black potion
  5727 | D:6      | 5727 ||| READING 2 scrolls of identify.
  5727 | D:6      | 5727 ||| IDENTIFYING glowing clear potion
  5728 | D:6      | 5728 ||| DROPPING potion of berserk rage.
  5729 | D:6      | 5729 ||| DROPPING potion of ambrosia.
  5782 | D:7      | Noticed a wyvern
  5789 | D:7      | Killed a wyvern
  5790 | D:7      | Reached skill level 9 in Axes
  5790 | D:7      | Reached XP level 9. HP: 52/55 MP: 9/9
  5813 | D:7      | Identified the +2 pair of boots "Fezelicw" {rElec Will+
                  | Regen+ Stlth+}
  5832 | D:7      | Found a blossoming altar of Fedhas.
  6171 | D:7      | 6171 ||| FLEEEEING.
  6172 | D:7      | 6172 ||| FLEEEEING.
  6184 | D:7      | 6184 ||| FLEEEEING.
  6185 | D:7      | 6185 ||| FLEEEEING.
  6186 | D:7      | 6186 ||| FLEEEEING.
  6187 | D:7      | 6187 ||| FLEEEEING.
  6188 | D:7      | 6188 ||| FLEEEEING.
  6190 | D:7      | 6190 ||| FLEEEEING.
  6191 | D:7      | 6191 ||| FLEEEEING.
  6192 | D:7      | 6192 ||| FLEEEEING.
  6193 | D:7      | 6193 ||| FLEEEEING.
  6194 | D:7      | 6194 ||| FLEEEEING.
  6195 | D:7      | 6195 ||| FLEEEEING.
  6196 | D:7      | 6196 ||| FLEEEEING.
  6207 | D:7      | 6207 ||| Stepping ~*~*~tactically~*~*~ (stealth).
  6574 | D:7      | 6574 ||| Stepping ~*~*~tactically~*~*~ (hiding).
  6769 | D:7      | 6769 ||| READING scroll of brand weapon.
  6769 | D:7      | 6769 ||| BRANDING +2 war axe of venom.
  6863 | D:7      | 6863 ||| UPGRADING to +2 pair of boots "Fezelicw" {rElec
                  | Will+ Regen+ Stlth+}.
  6868 | D:7      | 6868 ||| READING scroll labelled BOTWIN OS RUZOINT.
  6869 | D:7      | 6869 ||| READING 2 scrolls of identify.
  6869 | D:7      | 6869 ||| IDENTIFYING white potion
  6870 | D:7      | 6870 ||| DROPPING potion of degeneration.
  7034 | D:8      | Found a transporter.
  7040 | D:8      | Noticed qw's ghost (novice GrFi)
  7266 | D:8      | Found Xiseur's Jewellery Shop.
  7273 | D:8      | 7273 ||| SHOPLISTING amulet of guardian spirit (360 gold,
                  | have 265).
  7273 | D:8      | 7273 ||| SHOPLISTING amulet of the acrobat (360 gold, have
                  | 265).
  7273 | D:8      | 7273 ||| SHOPLISTING ring of Zuahiofreec {rCorr EV+4} (583
                  | gold, have 265).
  7273 | D:8      | 7273 ||| SHOPLISTING ring of ice (300 gold, have 265).
  7273 | D:8      | 7273 ||| BUYING ring of resist corrosion (240 gold).
  7273 | D:8      | Bought a ring of resist corrosion for 240 gold pieces
  7273 | D:8      | 7273 ||| SHOPLISTING ring of willpower (300 gold, have 25).
  7324 | D:8      | Found a transporter.
  7411 | D:8      | HP: 9/57 [acid dragon/splash of acid (23)]
  7611 | D:8      | Found an iron altar of Okawaru.
  7620 | D:8      | 7620 ||| PLANNING OKAWARU WORSHIP
  7620 | D:8      | 7620 ||| UPGRADING to +0 plate armour.
  7621 | D:8      | 7621 ||| UPGRADING to +0 plate armour.
  7622 | D:8      | 7622 ||| UPGRADING to +0 plate armour.
  7623 | D:8      | 7623 ||| UPGRADING to +0 plate armour.
  7624 | D:8      | 7624 ||| UPGRADING to +0 plate armour.
  7625 | D:8      | 7625 ||| UPGRADING to +0 plate armour.
  7626 | D:8      | 7626 ||| UPGRADING to +0 plate armour.
  7628 | D:8      | 7628 ||| UPGRADING to +0 plate armour.
  7629 | D:8      | 7629 ||| UPGRADING to +0 plate armour.
  7631 | D:8      | 7631 ||| UPGRADING to +0 plate armour.
  7632 | D:8      | 7632 ||| UPGRADING to +0 plate armour.
  7633 | D:8      | 7633 ||| UPGRADING to +0 plate armour.
  7634 | D:8      | 7634 ||| UPGRADING to +0 plate armour.
  7635 | D:8      | 7635 ||| UPGRADING to +0 plate armour.
  7636 | D:8      | 7636 ||| UPGRADING to +0 plate armour.
  7637 | D:8      | 7637 ||| UPGRADING to +0 plate armour.
  7639 | D:8      | 7639 ||| UPGRADING to +0 plate armour.
  7640 | D:8      | 7640 ||| UPGRADING to +0 plate armour.
  7642 | D:8      | 7642 ||| UPGRADING to +0 plate armour.
  7644 | D:8      | 7644 ||| UPGRADING to +0 plate armour.
  7645 | D:8      | 7645 ||| UPGRADING to +0 plate armour.
  7646 | D:8      | 7646 ||| UPGRADING to +0 plate armour.
  7647 | D:8      | 7647 ||| UPGRADING to +0 plate armour.
  7648 | D:8      | 7648 ||| UPGRADING to +0 plate armour.
  7649 | D:8      | 7649 ||| UPGRADING to +0 plate armour.
  7651 | D:8      | 7651 ||| UPGRADING to +0 plate armour.
  7653 | D:8      | 7653 ||| UPGRADING to +0 plate armour.
  7654 | D:8      | 7654 ||| UPGRADING to +0 plate armour.
  7655 | D:8      | 7655 ||| UPGRADING to +0 plate armour.
  7660 | D:8      | 7660 ||| UPGRADING to +0 plate armour.
  7665 | D:8      | 7665 ||| DROPPING +0 chain mail.
  7666 | D:8      | 7666 ||| DROPPING amulet of faith.
  7667 | D:8      | 7667 ||| READING 2 scrolls of identify.
  7667 | D:8      | 7667 ||| IDENTIFYING red potion
  7673 | D:8      | Became a worshipper of Warmaster Okawaru
  7674 | D:8      | 7674 ||| PLANNING D:1-11
  7693 | D:8      | Found Icwogushraj's Antique Armour Shop.
  7698 | D:8      | 7698 ||| SHOPLISTING cloak (103 gold, have 89).
  7698 | D:8      | 7698 ||| SHOPLISTING glowing pearl dragon scales (2348
                  | gold, have 89).
  7698 | D:8      | 7698 ||| SHOPLISTING pair of glowing boots (172 gold, have
                  | 89).
  7698 | D:8      | 7698 ||| SHOPLISTING runed cloak (172 gold, have 89).
  7698 | D:8      | 7698 ||| SHOPLISTING runed helmet (172 gold, have 89).
  7698 | D:8      | 7698 ||| SHOPLISTING shiny helmet (172 gold, have 89).
  7715 | D:8      | Found Godogem's Distillery.
  7719 | D:8      | 7719 ||| SHOPLISTING 2 potions of curing (90 gold, have
                  | 89).
  7719 | D:8      | 7719 ||| SHOPLISTING 2 potions of mutation (240 gold, have
                  | 89).
  7719 | D:8      | 7719 ||| SHOPLISTING potion of cancellation (120 gold, have
                  | 89).
  7719 | D:8      | 7719 ||| BUYING potion of curing (45 gold).
  7719 | D:8      | Bought a potion of curing for 45 gold pieces
  7719 | D:8      | 7719 ||| SHOPLISTING potion of heal wounds (75 gold, have
                  | 44).
  7719 | D:8      | 7719 ||| SHOPLISTING potion of magic (120 gold, have 44).
  7826 | D:9      | Noticed a kobold demonologist
  7830 | D:9      | 7830 ||| STAIRDANCE
  7838 | D:8      | Noticed a red devil
  7842 | D:8      | Killed a kobold demonologist
  7843 | D:8      | Reached skill level 6 in Armour
  7862 | D:9      | Found a staircase to the Orcish Mines.
  7872 | D:9      | 7872 ||| Stepping ~*~*~tactically~*~*~ (stealth).
  7969 | D:9      | Noticed a troll
  7974 | D:9      | Killed a troll
  7974 | D:9      | Reached * piety under Okawaru
  7974 | D:9      | Noticed a troll
  7975 | D:9      | Reached skill level 10 in Axes
  7975 | D:9      | 7975 ||| INVOKING Heroism.
  7981 | D:9      | Reached XP level 10. HP: 63/63 MP: 7/10
  7988 | D:9      | 7988 ||| INVOKING Heroism.
  7989 | D:9      | 7989 ||| INVOKING Heroism.
  7998 | D:9      | Reached skill level 1 in Invocations
  8016 | D:9      | Reached skill level 3 in Throwing
  8132 | D:9      | 8132 ||| Stepping ~*~*~tactically~*~*~ (hiding).
  8135 | D:9      | 8135 ||| INVOKING Heroism.
  8143 | D:9      | Reached skill level 3 in Invocations
  8226 | D:9      | Noticed a manticore
  8252 | D:9      | 8252 ||| INVOKING Heroism.
  8291 | D:9      | 8291 ||| DROPPING +0 flail.
  8296 | D:9      | 8296 ||| DROPPING +1 vorpal flail.
  8317 | D:9      | Found a basalt altar of Yredelemnul.
  8687 | D:9      | 8687 ||| Stepping ~*~*~tactically~*~*~ (stealth).
  8724 | D:9      | 8724 ||| INVOKING Heroism.
  8733 | D:9      | Reached ** piety under Okawaru
  8793 | D:9      | 8793 ||| INVOKING Heroism.
  8801 | D:9      | Killed a manticore
  8965 | D:9      | 8965 ||| UPGRADING to +0 kite shield.
  8975 | D:9      | 8975 ||| DROPPING +0 buckler.
  8976 | D:9      | 8976 ||| DRINKING 2 fuming emerald potions.
  8977 | D:9      | 8977 ||| READING 2 scrolls of identify.
  8977 | D:9      | 8977 ||| IDENTIFYING emerald potion
  8993 | D:9      | 8993 ||| INVOKING Heroism.
  9050 | D:10     | Entered Level 10 of the Dungeon
  9052 | D:10     | 9052 ||| INVOKING Heroism.
  9054 | D:10     | Noticed a two-headed ogre
  9059 | D:10     | Noticed a two-headed ogre
  9064 | D:10     | Killed a two-headed ogre
  9064 | D:10     | Reached *** piety under Okawaru
  9065 | D:10     | Reached skill level 6 in Shields
  9071 | D:10     | 9071 ||| INVOKING Heroism.
  9078 | D:10     | Killed a two-headed ogre
  9079 | D:10     | Reached XP level 11. HP: 55/68 MP: 11/14
  9148 | D:10     | Found a staircase to the Lair.
  9250 | D:10     | Noticed Snorg
  9251 | D:10     | 9251 ||| INVOKING Heroism.
  9263 | D:10     | HP: 6/68 [Snorg (13)]
  9263 | D:10     | Slain by Snorg

Levels and vault maps discovered:
D:1:      co_arrival_square_in_a_square_in_a_square, layout_loops_cross,
          serial_glass, glass_columns_a, glass_columns_c, minmay_misc_feat_iff
D:2:      layout_rooms, chequers_ecumenical_altar_simple_redux, serial_shops,
          shop, minmay_worlds_worst_comb, uniq_sigmund
D:3:      layout_loops_cross, mainiacjoe_overflow_surrounded_room,
          tso_metal_star, serial_aquarium, aquarium_bridge_long_joined
          [aquarium_subvault_window, aquarium_subvault_wall,
          aquarium_subvault_window, aquarium_subvault_bridge,
          aquarium_subvault_window, aquarium_subvault_balcony],
          aquarium_window_2, aquarium_window_fake, aquarium_window_fake,
          aquarium_view_2d, aquarium_view_2b
D:4:      layout_rooms, mainiacjoe_overflow_alcove_2,
          lemuel_coloured_pillars_altar, st_stairs_13
D:5:      layout_basic, serial_shops, nicolae_shop_trees
D:6:      layout_cave_pools, overflow_temple_1_default,
          minmay_temple_entry_water_ring, serial_demonic, serial_demonic_g,
          serial_demonic_b, serial_demonic_c, serial_demonic_c,
          serial_demonic_a, serial_demonic_e, serial_demonic_f,
          serial_demonic_a, serial_demonic_b, serial_demonic_f,
          roderic_lattice_a, minmay_misc_feat_x
D:7:      layout_basic, lemuel_tele_altar
D:8:      layout_basic, kennysheep_okawaru_gauntlet, gammafunk_ghost_stat_death,
          serial_shops, shop, nicolae_shop_trees, kennysheep_little_box
D:9:      wad_guarded_room, layout_cave_pods, lemuel_doored_altar, orc_0_dummy
D:10:     nicolae_cairo_tiling_large_dashed, layout_loops_ring, enter_bailey_5,
          minmay_fractal_squares_gapless_5, uniq_snorg
Temple:   eino_narrow_crystal_temple

Skill      XL: |  1  2  3  4  5  6  7  8  9 10 |
---------------+-------------------------------+-----
Axes           | 2 3 5 7 9 10 | 10.3
Throwing       | 1 2 3 |  3.1
Fighting       | 4 5 6 7 8 |  8.0
Dodging        | 1 |  1.0
Shields        | 4 8 |  8.6
Armour         | 6 7 |  7.1
Invocations    | 4 |  4.2

Action                   |  1- 3 |  4- 6 |  7- 9 | 10-12 || total
-------------------------+-------+-------+-------+-------++-------
Melee: War axe           |    65 |    80 |   272 |   115 ||   532
Throw: Javelin           |       |    34 |    56 |     9 ||    99
       Boomerang         |       |       |       |     1 ||     1
Invok: Heroism           |       |       |     1 |     9 ||    10
  Use: Scroll            |     2 |     4 |    13 |     1 ||    20
       Potion            |       |     2 |     4 |     1 ||     7
 Stab: Invisible         |       |     1 |       |       ||     1
Armor: Scale mail        |    43 |    29 |    24 |       ||    96
       Chain mail        |       |       |   150 |       ||   150
       Plate armour      |       |       |    74 |    84 ||   158
       Skin              |       |       |     2 |       ||     2
Dodge: Dodged            |    24 |    31 |   124 |    44 ||   223
Block: Buckler           |    14 |    10 |    68 |    14 ||   106
       Kite shield       |       |       |       |    29 ||    29

Table legend:
 A = Non-vault XP
 B = Vault XP
 C = Vault XP percentage of total XP
 D = Non-vault monster count
 E = Vault monster count
 F = Vault count percentage of total count
                 A         B        C        D         E       F
            +---------+---------+-------+---------+---------+-------
      Total |    6753 |    3542 |  34.4 |     162 |      38 |  19.0
            +---------+---------+-------+---------+---------+-------
        D:1 |      24 |       0 |   0.0 |      15 |       0 |   0.0
        D:2 |      84 |     241 |  74.2 |      12 |       2 |  14.3
        D:3 |     233 |       0 |   0.0 |      21 |       0 |   0.0
        D:4 |      99 |      13 |  11.6 |      18 |       1 |   5.3
        D:5 |     703 |       0 |   0.0 |      23 |       0 |   0.0
        D:6 |     593 |     178 |  23.1 |      20 |      18 |  47.4
        D:7 |     826 |       0 |   0.0 |      17 |       0 |   0.0
        D:8 |     914 |       0 |   0.0 |      10 |       0 |   0.0
        D:9 |    1071 |    3110 |  74.4 |      15 |      17 |  53.1
       D:10 |    2206 |       0 |   0.0 |      11 |       0 |   0.0
            +---------+---------+-------+---------+---------+-------
